 Dungeon Crawl Stone Soup version 0.19.1 (webtiles) character file.

44 SQman the Insei (level 3, -1/23 HPs)
             Began as an Octopode Transmuter on Dec 5, 2016.
             Slain by an orc
             ... wielding a +1 whip of electrocution
              (4 damage)
             ... on level 3 of the Dungeon.
             The game lasted 00:15:26 (1931 turns).

SQman the Insei (Octopode Transmuter)               Turns: 1931, Time: 00:15:27

Health: -1/23      AC:  1    Str:  9    XL:     3   Next: 60%
Magic:  1/6        EV: 14    Int: 15    God:
Gold:   136        SH:  0    Dex: 16    Spells: 3 memorised, 0 levels left

rFire  . . .     SeeInvis .       - Unarmed
rCold  . . .     Gourm    .     (no shield)
rNeg   . . .     Faith    .     (helmet restricted)
rPois  .         Spirit   .     (no amulet)
rElec  .         Reflect  .     g - +3 ring of dexterity
rCorr  .         Harm     .     m - ring of protection from magic
MR     +....                    (no ring)
Stlth  +++.......               (no ring)
                                (no ring)
                                (no ring)
                                (no ring)
                                (no ring)

@: appendage
A: almost no armour, stealthy swim, amphibious, 8 rings, constrict 8, tentacle
spike 3, camouflage 1, gelatinous body 1
a: End Transformation


You were on level 3 of the Dungeon.
You were not hungry.
One of your tentacles had a temporary spike.
You visited 1 branch of the dungeon, and saw 3 of its levels.

You collected 136 gold pieces.

Inventory:

Hand Weapons
 d - a +0 club
Missiles
 a - 40 arrows
 h - 6 exploding tomahawks (quivered)
Armour
 i - a cursed +0 robe
Jewellery
 g - a +3 ring of dexterity (left tentacle)
 m - a ring of protection from magic (right tentacle)
Scrolls
 c - 4 scrolls of identify
 k - a scroll of remove curse
Potions
 e - a potion of degeneration
 j - a potion of brilliance
 l - a potion of heal wounds
 n - a potion of might
Books
 b - a book of Changes

   Spells                             Type                      Level
   a - Beastly Appendage              Transmutation                1
   b - Sticks to Snakes               Transmutation                2
   c - Spider Form                    Transmutation/Poison         3
   d - Ice Form                       Ice/Transmutation            4
   e - Blade Hands                    Transmutation                5
Comestibles
 f - 4 chunks of flesh


   Skills:
 + Level 1.1 Fighting
 + Level 0.2 Throwing
 + Level 2.1 Dodging
 + Level 1.1 Stealth
 + Level 3.6 Unarmed Combat
 + Level 2.4 Spellcasting
 + Level 2.3 Transmutations


You couldn't memorise any spells.
You knew the following spells:

 Your Spells              Type           Power        Failure   Level  Hunger
a - Beastly Appendage     Tmut           #.....       12%         1    #......
b - Sticks to Snakes      Tmut           #.......     14%         2    ###....
c - Spider Form           Tmut/Pois      #.........   43%         3    ###....


Dungeon Overview and Level Annotations

Branches:
Dungeon (3/15)

Altars:
Nemelex Xobeh

Annotations:
D:3 Jessica


Innate Abilities, Weirdness & Mutations

You cannot wear most types of armour.
You are very stealthy in the water. (Stealth+)
You are amphibious.
You can wear up to eight rings at the same time.
You can use your tentacles to constrict eight enemies at once.
Your skin changes colour to match your surroundings (Stealth+).
Your rubbery body absorbs attacks. (AC +1, EV +1)
One of your tentacles bears a large vicious spike.


Message History

One of your tentacles grows a vicious spike.
Your ball python bites the orc.
Your ball python barely misses the orc.
The orc hits your ball python with a whip of electrocution.
Your ball python dies!
You tentacle-slap Jessica but do no damage.
Your grab misses Jessica.
The gnoll hits you from afar with a halberd.
Jessica hits you with a club.
The gnoll hits you from afar with a spear!
You barely miss the goblin. You grab the goblin.
You pierce the goblin, but do no damage.
You constrict the goblin.
The gnoll hits you from afar with a spear.
The goblin hits you with a club.
* * * LOW HITPOINT WARNING * * *
You tentacle-slap the goblin.
You kill the goblin!
The gnoll barely misses you.
The orc hits you with a whip of electrocution.
You die...

##########
#.........
#.........
#.........
#.........
######g........
#..@o@g........
#.####g........
#.# ##########
####.####
#.......#
#.......#
#.......##########
####>.............
#######.#######


You could see 3 gnolls, Jessica and an orc.

Vanquished Creatures
  2 worms
  A dart slug (D:1)
  2 leopard geckos (D:2)
  5 bats
  2 giant cockroaches
  7 goblins
  2 hobgoblins (D:1)
  3 jackals (D:2)
  2 frilled lizards
  3 kobolds
  A rat (D:2)
  A bush (D:2)
  3 plants (D:2)
34 creatures vanquished.

Notes
Turn   | Place    | Note
-------+----------+-------------------------------------------
     0 | D:1      | SQman the Octopode Transmuter began the quest for the Orb.
     0 | D:1      | Reached XP level 1. HP: 13/13 MP: 3/3
   211 | D:1      | Reached XP level 2. HP: 17/18 MP: 5/5
   251 | D:1      | Learned a level 2 spell: Sticks to Snakes
   676 | D:2      | Reached XP level 3. HP: 9/23 MP: 4/6
  1180 | D:2      | Found a sparkling altar of Nemelex Xobeh.
  1194 | D:2      | Learned a level 3 spell: Spider Form
  1798 | D:3      | Reached skill level 1 in Stealth
  1917 | D:3      | Noticed Jessica
  1931 | D:3      | Slain by an orc

Skill      XL: |  1  2  3 |
---------------+----------+-----
Stealth        | 1 |  1.1
Fighting       | |  1.1
Throwing       | |  0.2
Dodging        | |  2.1
Unarmed Combat | |  3.6
Spellcasting   | |  2.4
Transmutations | |  2.3

Action                   || total
-------------------------++-------
Melee: Unarmed           ||   302
       Constrict         ||    28
       Kick              ||    14
       Tentacles         ||    70
       Punch             ||    10
Throw: Tomahawk          ||     2
 Cast: Beastly Appendage ||    14
       Spider Form       ||     2
       Sticks to Snakes  ||     1
  Use: Scroll            ||     7
       Potion            ||     2
 Stab: Sleeping          ||     4
  Eat: Bread ration      ||     1
Armor: Skin              ||     9
Dodge: Dodged            ||    58
